 Dungeon Crawl Stone Soup version 0.19.4 (webtiles) character file.

248 JeffiDaFish the Stinger (level 5, -5/37 HPs)
             Began as a Demonspawn Venom Mage on Feb 2, 2017.
             Slain by a gnoll
             ... wielding a +0 whip
              (10 damage)
             ... on level 3 of the Dungeon.
             The game lasted 00:14:30 (2234 turns).

JeffiDaFish the Stinger (Demonspawn Venom Mage)     Turns: 2234, Time: 00:14:31

Health: -5/37      AC:  8    Str:  9    XL:     5   Next: 86%
Magic:  2/9        EV: 13    Int: 16    God:
Gold:   84         SH:  0    Dex: 14    Spells: 2 memorised, 5 levels left

rFire  . . .     SeeInvis .     l - +2 hand axe (freeze)
rCold  . . .     Gourm    .     a - +0 robe
rNeg   . . .     Faith    .     (no shield)
rPois  .         Spirit   .     (no helmet)
rElec  .         Reflect  .     (no cloak)
rCorr  .         Harm     .     (no gloves)
MR     .....                    (no boots)
Stlth  ++........               (no amulet)
                                (no ring)
                                (no ring)

@: sanguine armour, very slightly contaminated
A: spiny 2, rot immunity, sanguine armour 1
a: no special abilities


You were on level 3 of the Dungeon.
You were not hungry.

You visited 1 branch of the dungeon, and saw 3 of its levels.

You collected 84 gold pieces.

Inventory:

Hand Weapons
 l - a +2 hand axe of freezing (weapon)
Armour
 a - a +0 robe (worn)
Scrolls
 e - a scroll of teleportation
Potions
 g - a potion of resistance
 h - a potion of curing
 k - a potion of agility
Books
 b - a Young Poisoner's Handbook

   Spells                             Type                      Level
   a - Sting                          Conjuration/Poison           1
   b - Mephitic Cloud                 Conjuration/Poison/Air       3
   c - Olgreb's Toxic Radiance        Poison                       4
   d - Alistair's Intoxication        Transmutation/Poison         5
   e - Venom Bolt                     Conjuration/Poison           5
Comestibles
 c - 4 bread rations
 d - 2 chunks of flesh
 f - a meat ration
 i - a slice of pizza
 j - a beef jerky


   Skills:
 + Level 1.1 Fighting
 + Level 0.0(0.5) Axes
   Level 1.1 Maces & Flails
 + Level 2.3 Dodging
 + Level 2.7 Stealth
 * Level 2.8 Spellcasting
 + Level 1.6 Conjurations
 + Level 1.0 Air Magic
 + Level 5.1 Poison Magic


You had 5 spell levels left.
You knew the following spells:

 Your Spells              Type           Power        Failure   Level  Hunger
a - Sting                 Conj/Pois      ##..         6%          1    #......
b - Mephitic Cloud        Conj/Pois/Air  ##......     21%         3    ###....


Dungeon Overview and Level Annotations

Branches:
Dungeon (3/15)

Altars:


Innate Abilities, Weirdness & Mutations

You are mostly covered in sharp spines.
You are immune to rotting.
When seriously injured, your bleeding wounds create armour. (AC +6)


Message History

You hit the orc priest. You freeze the orc priest.
The orc priest is moderately wounded.
You hit the gnoll but do no damage.
The gnoll hits you from afar with a spear.
The orc priest hits you but does no damage.
The gnoll is struck by your spines. The gnoll closely misses you.
The gnoll barely misses you.
You hit the orc priest but do no damage.
The orc priest is moderately wounded.
You barely miss the gnoll.
The orc priest is struck by your spines.
The orc priest hits you but does no damage.
The gnoll closely misses you. The gnoll barely misses you.
The orc priest mumbles some strange prayers to Beogh against you.
Beogh smites you!
* * * LOW HITPOINT WARNING * * *
You hit the orc priest. You freeze the orc priest.
The orc priest is heavily wounded.
You hit the gnoll. You freeze the gnoll. The gnoll hits you with a whip!
You die...

................# #.
#............)(# #.
###....<........# #. .
#.........).....#####.
..#.....................
......#)........#.#####.
.....g..........#.#...#.
......g.)......##.#.#.#.
##...o@..!....##.#.#.#.
#...g........##.#.#...
#.?..........##.#.####
####....#######.#.....
###+#. ...#.#### .###
#..#.#... .#...#..#.#.#.
##.#..#.#.#. .....#...#.


You could see an orc priest and 3 gnolls.

Vanquished Creatures
  An orc priest (D:3)
  Natasha (twice) (D:3)
  8 adders
  4 gnolls (D:2)
  2 oozes
  3 dart slugs
  A leopard gecko (D:3)
  6 orcs (D:3)
  7 bats
  6 giant cockroaches
  5 goblins
  6 hobgoblins
  7 kobolds
  A ball python (D:1)
  2 frilled lizards
  3 rats
64 creatures vanquished.

Notes
Turn   | Place    | Note
-------+----------+-------------------------------------------
     0 | D:1      | JeffiDaFish the Demonspawn Venom Mage began the quest for the Orb.
     0 | D:1      | Reached XP level 1. HP: 13/13 MP: 3/3
   117 | D:1      | Gained mutation: You are partially covered in sharp spines. [demonic ancestry]
   117 | D:1      | Reached XP level 2. HP: 6/19 MP: 0/5
   679 | D:1      | Gained mutation: When seriously injured, your bleeding wounds create armour. (AC +6) [demonic ancestry]
   679 | D:1      | Reached XP level 3. HP: 24/24 MP: 2/6
   747 | D:1      | Learned a level 3 spell: Mephitic Cloud
   942 | D:2      | Gained mutation: You are mostly covered in sharp spines. [demonic ancestry]
   942 | D:2      | Reached XP level 4. HP: 13/30 MP: 0/7
  1683 | D:2      | Reached skill level 1 in Conjurations
  1794 | D:3      | Noticed Natasha
  1807 | D:3      | Killed Natasha
  1807 | D:3      | Reached skill level 1 in Fighting
  1807 | D:3      | Reached skill level 1 in Maces & Flails
  1807 | D:3      | Gained mutation: You are immune to rotting. [demonic ancestry]
  1807 | D:3      | Reached XP level 5. HP: 36/37 MP: 1/8
  1888 | D:3      | Noticed Natasha
  1895 | D:3      | Killed Natasha
  1895 | D:3      | Reached skill level 5 in Poison Magic
  2229 | D:3      | Reached skill level 1 in Air Magic
  2234 | D:3      | Slain by a gnoll

Skill      XL: |  1  2  3  4  5 |
---------------+----------------+-----
Dodging        | 2 |  2.3
Stealth        | 2 |  2.7
Conjurations   | 1 |  1.6
Fighting       | 1 |  1.1
Maces & Flails | 1 |  1.1
Poison Magic   | 5 |  5.1
Air Magic      | 1 |  1.0
Spellcasting   | |  2.8

Action                   |  1- 3 |  4- 6 || total
-------------------------+-------+-------++-------
Melee: Whip              |    55 |    33 ||    88
       Unarmed           |     1 |       ||     1
       Hand axe          |       |    19 ||    19
 Cast: Sting             |    40 |    21 ||    61
       Mephitic Cloud    |     1 |     6 ||     7
  Use: Potion            |     3 |       ||     3
       Scroll            |     2 |     2 ||     4
 Stab: Confused          |     3 |       ||     3
       Sleeping          |     1 |     1 ||     2
  Eat: Chunk             |     1 |     5 ||     6
Armor: Robe              |    13 |    10 ||    23
Dodge: Dodged            |    40 |    46 ||    86
